 Dungeon Crawl Stone Soup version 0.31-a0-692-gf03d1854d5 (webtiles) character file.

Game seed: 4968375933549545114

198 Ijustatesigmund the Sneak (level 5, -1/25 HPs)
             Began as a Spriggan Warper on Sept 7, 2023.
             Slain by an ufetubus (5 damage)
             ... on level 4 of the Dungeon.
             The game lasted 00:07:12 (3737 turns).

Ijustatesigmund the Sneak (Spriggan Warper)         Turns: 3737, Time: 00:07:12

Health: -1/25      AC:  2    Str:  9    XL:     5   Next: 47%
Magic:  10/10      EV: 17    Int: 15    God:
Gold:   234        SH:  0    Dex: 14    Spells: 7/9 levels left

rFire   . . .        a - +0 rapier
rCold   . . .        (no shield)
rNeg    . . .        b - +0 robe
rPois   .            (helmet restricted)
rElec   .            (no cloak)
rCorr   .            (gloves unavailable)
SInv    +            (boots unavailable)
Will    .....        (no amulet)
Stlth   +++          (no ring)
HPRegen 0.24/turn    (no ring)
MPRegen 0.12/turn

%: no passive effects
@: very quick
A: very small, no large weapons, unfitting armour, see invisible, speed 3
a: no special abilities


You were on level 4 of the Dungeon.
You visited 1 branch of the dungeon, and saw 4 of its levels.

You collected 234 gold pieces.

Inventory:

Hand Weapons
 a - a +0 rapier (weapon)
 n - a +0 short sword of holy wrath
Missiles
 d - 6 darts of dispersal
 o - 2 poisoned darts
Armour
 b - a +0 robe (worn)
Jewellery
 f - a ring of fire
Scrolls
 c - a scroll of blinking
 e - a scroll of teleportation {unknown}
 h - a scroll of identify
 i - 2 scrolls of noise {unknown}
 j - 2 scrolls of fear {unknown}
 l - 2 scrolls of enchant weapon {unknown}
Potions
 g - a potion of resistance {unknown}
 k - a potion of cancellation {unknown}
 m - a potion of might {unknown}


   Skills:
 + Level 1.5 Fighting
 + Level 4.7 Short Blades
 - Level 1.0 Throwing
 - Level 3.4 Dodging
 + Level 5.5 Stealth
 - Level 2.6 Spellcasting
 + Level 4.4 Translocations


You had 7 spell levels left.
You knew the following spells:

 Your Spells              Type           Power      Damage    Failure   Level
a - Blink                 Tloc           30%        N/A       4%          2

Your spell library contained the following spells:

 Spells                   Type           Power      Damage    Failure   Level
 Lesser Beckoning         Tloc           30%        N/A       4%          2
 Teleport Other           Tloc           15%        N/A       10%         3
 Slow                     Hex            8%         N/A       21%         1
 Manifold Assault         Tloc           15%        N/A       32%         4
 Confusing Touch          Hex            2%         N/A       52%         3
 Vampiric Draining        Necr           2%         2d6       52%         3
 Vhi's Electric Charge    Tloc/Air       16%        N/A       63%         4


Dungeon Overview and Level Annotations

Branches:
Dungeon (4/15)
 Temple: D:4-7

Altars:
Cheibriados
Sif Muna

Annotations:
D:2 1 runed translucent door, Crazy Yiuf
D:3 Ijyb, Terence


Innate Abilities, Weirdness & Mutations

You are very small and have problems with some larger weapons.
You are too small for most types of armour.
You have supernaturally acute eyesight. (SInv)
You cover ground extremely quickly. (Speed+++)


Message History

The ufetubus barely misses you. The ufetubus hits you. x3
You closely miss the ufetubus.
The ufetubus is almost dead.
The ufetubus misses you.
The ufetubus hits you but does no damage.
You miss the ufetubus.
The ufetubus is almost dead.
The ufetubus closely misses you. The ufetubus hits you. x3
You are too injured to fight recklessly!
You are too injured to fight recklessly!
You are too injured to fight recklessly!
You are too injured to fight recklessly!
You are too injured to fight recklessly!
You are too injured to fight recklessly!
You are too injured to fight recklessly!
You are too injured to fight recklessly!
An ufetubus is nearby!
You closely miss the ufetubus.
The ufetubus is almost dead.
The ufetubus hits you.
* * * LOW HITPOINT WARNING * * *
The ufetubus completely misses you.
You completely miss the ufetubus.
The ufetubus is almost dead.
The ufetubus barely misses you. The ufetubus completely misses you. x2
The ufetubus closely misses you.
Okay, then.
You closely miss the ufetubus.
The ufetubus is almost dead.
The ufetubus misses you. The ufetubus completely misses you.
You barely miss the ufetubus.
The ufetubus is almost dead.
The ufetubus hits you but does no damage.
The ufetubus hits you.
* * * LOW HITPOINT WARNING * * *
You miss the ufetubus.
The ufetubus is almost dead.
The ufetubus misses you. x2; The ufetubus closely misses you.
The ufetubus hits you.
You die...

#...............
##########.###.########..
........##.###.##### #..
#######........[...# #..
#........[...####.#
######...............#.#
.........#.###.##..##....
########.#.# #..........#
#@#.######..######
#5#.......<.# #
#[#######......... #.#
#.#.###### #.. #.#.# ###
#. .# #. .# #. ## #.


You could see an ufetubus.

Vanquished Creatures
  A scorpion (D:4)
  Robin (D:3)
  5 adders
  A worm (D:3)
  3 dart slugs
  An orc (D:4)
  7 ball pythons
  6 endoplasms
  3 giant cockroaches
  9 goblins
  8 hobgoblins
  7 jackals
  2 quokkas (D:1)
  4 bats
  4 frilled lizards
  5 kobolds
  5 rats
72 creatures vanquished.

Notes
Turn   | Place    | Note
-------+----------+-------------------------------------------
     0 | D:1      | Ijustatesigmund the Spriggan Warper began the quest for the
                  | Orb.
     0 | D:1      | Reached XP level 1. HP: 10/10 MP: 5/5
   271 | D:1      | Reached skill level 1 in Stealth
   271 | D:1      | Reached XP level 2. HP: 8/14 MP: 6/6
   542 | D:1      | Reached skill level 2 in Stealth
   864 | D:2      | Reached XP level 3. HP: 17/18 MP: 8/8
  1021 | D:2      | Reached skill level 3 in Stealth
  1329 | D:2      | Found a snail-covered altar of Cheibriados.
  1408 | D:2      | Found a runed translucent door.
  1409 | D:2      | Noticed Crazy Yiuf
  2006 | D:3      | Noticed Terence
  2006 | D:3      | Noticed Robin
  2022 | D:3      | Reached XP level 4. HP: 22/22 MP: 9/9
  2330 | D:3      | Reached skill level 4 in Stealth
  2986 | D:3      | Killed Robin
  3240 | D:3      | Found a shimmering blue altar of Sif Muna.
  3417 | D:4      | Noticed a scorpion
  3423 | D:4      | Killed a scorpion
  3424 | D:4      | Reached skill level 5 in Stealth
  3424 | D:4      | Reached XP level 5. HP: 20/25 MP: 10/10
  3427 | D:4      | Learned a level 2 spell: Blink
  3451 | D:4      | Noticed Ijyb
  3737 | D:4      | Slain by an ufetubus

Illustrated notes

Levels and vault maps discovered:
D:1:      roderic_crossed_star, layout_loops_ring, hex_large,
          minmay_tetromino_o2
D:2:      layout_basic, basic_altar, uniq_crazy_yiuf_cottage
D:3:      layout_rooms, led_sif_pool, minmay_vboxes, uniq_terence, uniq_robin
D:4:      gammafunk_steamed_eel, layout_loops_ring, serial_shops,
          nicolae_shop_tiny_waterfront, uniq_ijyb, uniq_sigmund

Skill      XL: |  1  2  3  4 |
---------------+-------------+-----
Stealth        | 1 2 3 5 |  5.5
Short Blades   | 3 4 |  4.7
Fighting       | |  1.5
Throwing       | |  1.0
Dodging        | |  3.4
Spellcasting   | |  2.6
Translocations | |  4.4

Action                     |  1- 3 |  4- 6 || total
---------------------------+-------+-------++-------
  Melee: Short sword       |   133 |       ||   133
         Punch             |     1 |     1 ||     2
         Rapier            |    53 |   145 ||   198
  Throw: Dart              |     3 |     4 ||     7
    Use: Scroll            |     1 |       ||     1
   Stab: Sleeping          |     5 |     5 ||    10
         Distracted        |       |     1 ||     1
 Armour: Robe              |    42 |    65 ||   107
  Dodge: Dodged            |   151 |   130 ||   281

Table legend: (Time is in decaauts)
 A = Elapsed time spent in this place.
 B = Non-inter-level travel time spent in this place.
 C = Inter-level travel time spent in this place.
 D = Time resting spent in this place.
 E = Time spent auto-exploring this place.
 F = Levels seen in this place.
 G = Mean time per level.
                   A        B        C        D        E       F      G
               +--------+--------+--------+--------+--------+-----+--------+
         Total |   2860 |   2747 |    113 |    924 |   1189 |   4 |  715.0 |
       Dungeon |   2860 |   2747 |    113 |    924 |   1189 |   4 |  715.0 |
               +--------+--------+--------+--------+--------+-----+--------+

Top non-repeatable levels by time:
     D:3: 1024 daAuts
     D:2: 987 daAuts
     D:1: 620 daAuts
     D:4: 227 daAuts
